 Dungeon Crawl Stone Soup version 0.22-a0-252-gcace5d2 (webtiles) character file.

18 4thArraOfDagon the Vexing (level 2, 1/19 HPs)
             Began as a Mummy Enchanter on Mar 2, 2018.
             Quit the game on level 3 of the Dungeon.
             The game lasted 00:01:37 (761 turns).

4thArraOfDagon the Vexing (Mummy Enchanter)          Turns: 761, Time: 00:01:38

Health: 1/19       AC:  2    Str: 11    XL:     2   Next: 48%
Magic:  1/5        EV: 12    Int: 14    God:
Gold:   18         SH:  0    Dex: 12    Spells: 3/6 levels left

rFire    x . .     SeeInvis .   a - +1 dagger
rCold    + . .     Gourm    .   (no shield)
rNeg     + + +     Faith    .   b - +0 robe
rPois    ∞         Spirit   .   (no helmet)
rElec    .         Reflect  .   (no cloak)
rCorr    .         Harm     .   (no gloves)
MR       .....                  (no boots)
Stlth    ++........             (no amulet)
HPRegen  0.06/turn              d - ring of poison resistance
MPRegen  0.09/turn              (no ring)

@: no status effects
A: no food or potions, fire vulnerability, cold resistance 1, negative energy
resistance 3, torment resistance, unbreathing
a: no special abilities


You were on level 3 of the Dungeon.
You were not hungry.

You visited 1 branch of the dungeon, and saw 3 of its levels.

You collected 18 gold pieces.

Inventory:

Hand Weapons
 a - a +1 dagger (weapon)
Armour
 b - a +0 robe (worn)
Jewellery
 d - a ring of poison resistance (left hand)
Scrolls
 c - 2 scrolls of magic mapping


   Skills:
 * Level 2.1 Short Blades
 - Level 1.5 Dodging
 - Level 2.4 Stealth
 - Level 2.6 Spellcasting
 - Level 2.6 Hexes


You had 3 spell levels left.
You knew the following spells:

 Your Spells              Type           Power        Failure   Level  Hunger
a - Corona                Hex            #......      8%          1    N/A
b - Ensorcelled Hibernat  Hex/Ice        #.....       19%         2    N/A

Dungeon Overview and Level Annotations

Branches:
Dungeon (3/15)

Altars:

Annotations:
D:2 Natasha


Innate Abilities, Weirdness & Mutations

You do not eat or drink.
Your flesh is vulnerable to fire.
You are immune to poison.
Your flesh is cold resistant. (rC+)
You are immune to negative energy. (rN+++)
You are immune to unholy pain and torment.
You can survive without breathing.


Message History

Press: ? - help, Shift-Dir - straight line, f/p - adder
Aim: an adder (chance to defeat MR: 46%)
The adder resists with some effort.
The adder completely misses you.
Unknown command.
As you read the scroll labeled FUH TUPYMO, it crumbles to dust.
You feel blessed for a moment.
It was a scroll of remove curse.
The frilled lizard hisses angrily.
The adder misses you. The adder closely misses you.
As you read the scroll labeled ZUIHOFYMADGH, it crumbles to dust.
It is a scroll of identify.
c - 2 scrolls of magic mapping The adder bites you.
* * * LOW HITPOINT WARNING * * *
Unknown command.
The kobold shouts!
The frilled lizard misses you.
Unknown command.
You hit the kobold but do no damage. The adder misses you.
Unknown command.
Are you sure you want to abandon this character and quit the game? (Confirm with "yes".)

#.# #w# #.# #.# #.#
#S# #.#
.###############.#
.......@SS....w..#.#
......Kl#####......#
.........K.........#
#####.#######......#
#. #...##.# #. ..###
.# # #.## .# .. ##


You could see 2 adders, a dart slug, a kobold and a frilled lizard.

Vanquished Creatures
  A dart slug (D:1)
  5 goblins
  A hobgoblin (D:1)
  2 jackals (D:1)
  4 bats
  A frilled lizard (D:1)
14 creatures vanquished.

Notes
Turn   | Place    | Note
-------+----------+-------------------------------------------
     0 | D:1      | 4thArraOfDagon the Mummy Enchanter began the quest for the Orb.
     0 | D:1      | Reached XP level 1. HP: 13/13 MP: 4/4
    23 | D:1      | Reached skill level 1 in Short Blades
   229 | D:1      | Reached XP level 2. HP: 19/19 MP: 5/5
   655 | D:2      | Learned a level 2 spell: Ensorcelled Hibernation
   727 | D:2      | Noticed Natasha
   734 | D:2      | Noticed a crimson imp
   736 | D:2      | Noticed a crimson imp
   761 | D:3      | Quit the game

Vault maps used:
D:1:      dpeg_arrival_shelter, grunt_decor_fettered
D:2:      minmay_kobold_bridge, lemuel_doored_altar, first_ration, uniq_natasha
D:3:      nicolae_ru_sacrificial_ziggurat

Skill      XL: |  1  2 |
---------------+-------+-----
Short Blades   | 1 2 |  2.1
Dodging        | |  1.5
Stealth        | |  2.4
Spellcasting   | |  2.6
Hexes          | |  2.6

Action                   || total
-------------------------++-------
Melee: Dagger            ||    37
 Cast: Corona            ||     4
       Ensorcelled Hiber ||     4
  Use: Scroll            ||     2
 Stab: Sleeping          ||     4
Armor: Robe              ||     5
Dodge: Dodged            ||    37

Table legend:
 A = Spawn XP
 B = Non-spawn XP
 C = Spawn XP percentage of total XP
 D = Spawn monster count
 E = Non-spawn monster count
 F = Spawn count percentage of total count
 G = Total turns spent on level
                    A         B        C        D         E        F      G
               +---------+---------+-------+---------+---------+-------+---------
         Total |       0 |      26 |   0.0 |       0 |      14 |   0.0 |   761
               +---------+---------+-------+---------+---------+-------+---------
           D:1 |       0 |      20 |   0.0 |       0 |      11 |   0.0 |   643
           D:2 |       0 |       6 |   0.0 |       0 |       3 |   0.0 |   101
               +---------+---------+-------+---------+---------+-------+---------
